 Dungeon Crawl Stone Soup version 0.24.0-41-g2ae2f7f1be (webtiles) character file.

Game seed: 14005660679665468053, levelgen mode: deterministic

191 greprep the Slinger (level 6, -9/41 HPs)
             Began as a Halfling Hunter on Dec 12, 2019.
             Killed from afar by an orc wizard (10 damage)
             ... with a puff of frost
             ... on level 3 of the Dungeon.
             The game lasted 00:11:31 (2413 turns).

greprep the Slinger (Halfling Hunter)               Turns: 2413, Time: 00:11:32

Health: -9/41      AC:  4    Str: 13    XL:     6   Next: 2%
Magic:  15/15      EV: 15    Int:  9    God:
Gold:   149        SH:  0    Dex: 17    Spells: 5/5 levels left

rFire    . . .     SeeInvis .   a - +1 hunting sling
rCold    . . .     Gourm    .   (shield restricted)
rNeg     . . .     Faith    +   c - +0 leather armour
rPois    .         Spirit   .   (no helmet)
rElec    .         Reflect  .   u - +0 cloak
rCorr    .         Harm     .   (no gloves)
MR       .....     Rnd*Tele +   (no boots)
Stlth    ++........             e - amulet of faith
HPRegen  0.13/turn              l - ring of magical power
MPRegen  0.14/turn              n - ring of teleportation (curse)

@: no status effects
A: small, mutation resistance 1
a: no special abilities


You were on level 3 of the Dungeon.
You were not hungry.

You visited 1 branch of the dungeon, and saw 3 of its levels.

You collected 149 gold pieces.

Inventory:

Hand Weapons
 a - a +1 hunting sling (weapon)
 b - a +0 short sword
 i - a +0 spear
Missiles
 g - 24 stones (quivered)
 j - 5 javelins
 q - 7 boomerangs
Armour
 c - a +0 leather armour (worn)
 u - a +0 cloak (worn)
Jewellery
 e - an amulet of faith (around neck)
 l - a ring of magical power (left hand)
 n - a cursed ring of teleportation (right hand)
Scrolls
 k - 2 scrolls of remove curse {unknown}
 m - 4 scrolls of teleportation {unknown}
 p - a scroll of magic mapping {unknown}
 t - a scroll of fog {unknown}
 v - a scroll of identify {unknown}
Potions
 d - a potion of degeneration {unknown}
 o - a potion of invisibility {unknown}
 r - a potion of flight {unknown}
 s - a potion of agility
 x - a potion of berserk rage {unknown}
 z - a potion of curing {unknown}
Comestibles
 f - 6 rations


   Skills:
 + Level 2.5 Fighting
 + Level 8.2 Slings
 + Level 2.2 Armour
 + Level 2.5 Dodging
 + Level 1.7 Stealth


You had 5 spell levels left.
You didn't know any spells.
Your spell library was empty.

Dungeon Overview and Level Annotations

Branches:
Dungeon (3/15)

Altars:
Cheibriados
Hepliaklqana


Innate Abilities, Weirdness & Mutations

You are small and have problems with some larger weapons.
You are somewhat resistant to further mutation.


Message History

The orc is lightly wounded.
Firing (i - inventory. (/) - cycle)
g - 26 stones (quivered)
Press: ? - help, Shift-Dir - straight line, f/p - orc
Aim: an orc, wielding a -2 flail and wearing a +0 ring mail (lightly wounded)
You shoot a stone.
The stone hits the orc but does no damage.
The orc is lightly wounded.
Firing (i - inventory. (/) - cycle)
g - 25 stones (quivered)
Press: ? - help, Shift-Dir - straight line, f/p - orc
Aim: an orc, wielding a -2 flail and wearing a +0 ring mail (lightly wounded)
You shoot a stone. The stone hits the orc.
The orc is severely wounded.
You hear some strange, mumbled words.
A puff of flame appears from out of thin air!
The puff of flame hits you!
* * * LOW HITPOINT WARNING * * *
You hear some strange, mumbled words.
A puff of frost appears from out of thin air!
The puff of frost hits you!
You die...

#...(≈≈≈≈≈.....#....# #.##
#.(≈≈≈≈≈≈≈≈≈........#### ###..#
#((≈≈≈≈≈≈≈≈≈≈≈..###....###.....
#.≈≈≈≈≈≈≈≈≈≈≈≈≈...#....##......
###.≈≈≈≈≈≈_≈≈≈≈≈≈.#..............
#...≈≈≈≈≈≈≈≈≈≈≈≈≈...#.....#......
..#.(≈≈≈≈≈≈≈≈≈≈≈..##...##########
......≈≈≈≈≈≈≈≈≈......#.# #
#####...≈≈≈≈≈...@....#.##########
#........)..o.............##.
#####(..(....#.(.###.#..#####....
#..(.....(..#(....##.....#######.
#.÷.##.....(..)....####..........
###.................# ###..)###.#
###...............# ###.# #.#
#...............# #.# #.#
#...............# #.. ..#


You could see an orc.

Vanquished Creatures
  2 orc priests (D:3)
  A worker ant zombie (D:3)
  3 adders
  4 gnolls (D:3)
  A worm (D:3)
  A dart slug (D:1)
  6 orcs
  A ball python (D:2)
  A giant cockroach (D:1)
  3 goblins
  8 hobgoblins
  4 jackals (D:3)
  2 quokkas
  4 bats
  2 frilled lizards
  5 kobolds
  4 rats
52 creatures vanquished.

Notes
Turn   | Place    | Note
-------+----------+-------------------------------------------
     0 | D:1      | greprep the Halfling Hunter began the quest for the Orb.
     0 | D:1      | Reached XP level 1. HP: 14/14 MP: 1/1
   156 | D:1      | Reached skill level 6 in Slings
   158 | D:1      | Reached XP level 2. HP: 19/19 MP: 2/2
   801 | D:2      | Reached XP level 3. HP: 24/24 MP: 3/3
  1218 | D:2      | Reached skill level 7 in Slings
  1324 | D:2      | Found a hazy altar of Hepliaklqana.
  1701 | D:3      | Found a faded altar of an unknown god.
  1859 | D:3      | Reached skill level 1 in Armour
  1859 | D:3      | Reached XP level 4. HP: 29/29 MP: 4/4
  1940 | D:3      | Found a snail-covered altar of Cheibriados.
  2058 | D:3      | Reached XP level 5. HP: 34/34 MP: 5/5
  2357 | D:3      | Reached skill level 8 in Slings
  2392 | D:3      | Reached XP level 6. HP: 10/41 MP: 6/6
  2413 | D:3      | HP: 1/41 [something/puff of flame (9)]
  2413 | D:3      | Killed from afar by an orc wizard

Levels and vault maps discovered:
D:1:      dpeg_arrival_pond, layout_basic
D:2:      layout_loops_ring, lemuel_round_altar, bh_walls_and_bars
D:3:      layout_rooms, first_ration, chequers_ecumenical_altar_simple,
          lemuel_altar_in_water

Skill      XL: |  1  2  3  4  5 |
---------------+----------------+-----
Slings         | 6 7 8 |  8.2
Fighting       | 2 |  2.5
Armour         | 1 2 |  2.2
Dodging        | |  2.5
Stealth        | |  1.7

Action                   |  1- 3 |  4- 6 || total
-------------------------+-------+-------++-------
 Fire: Hunting sling     |    81 |    91 ||   172
  Use: Potion            |     2 |     1 ||     3
  Eat: Chunk             |     2 |     2 ||     4
Armor: Leather armour    |     3 |     3 ||     6
Dodge: Dodged            |    18 |    16 ||    34
